 Dungeon Crawl Stone Soup version 0.25-a0-265-g7af84ae0ac (webtiles) character file.

Game seed: 18357743438073671890, levelgen mode: deterministic

27 bmfx the Vexing (level 2, -2/16 HPs)
             Began as a Deep Elf Arcane Marksman on Dec 7, 2019.
             Slain by an adder (3 damage)
             ... on level 2 of the Dungeon.
             The game lasted 00:02:48 (1029 turns).

bmfx the Vexing (Deep Elf Arcane Marksman)          Turns: 1029, Time: 00:02:49

Health: -2/16      AC:  2    Str:  7    XL:     2   Next: 93%
Magic:  0/7        EV: 13    Int: 22    God:
Gold:   34         SH:  0    Dex: 15    Spells: 3/6 levels left

rFire    . . .     SeeInvis .   a - +0 hand crossbow
rCold    . . .     Gourm    .   (no shield)
rNeg     . . .     Faith    .   e - +0 robe
rPois    .         Spirit   .   (no helmet)
rElec    .         Reflect  .   (no cloak)
rCorr    .         Harm     .   (no gloves)
MR       .....                  (no boots)
Stlth    +.........             (no amulet)
HPRegen  0.05/turn              (no ring)
MPRegen  0.10/turn              (no ring)

@: brilliant, lethally poisoned (-2 -> -6)
A: no striking features
a: no special abilities


You were on level 2 of the Dungeon.
You were not hungry.

You visited 1 branch of the dungeon, and saw 2 of its levels.

You collected 34 gold pieces.

Dungeon Overview and Level Annotations

Branches:
Dungeon (2/15)

Altars:


   Skills:
 - Level 0.7 Fighting
 + Level 2.3 Crossbows
 - Level 2.4 Dodging
 * Level 0.0 Stealth
 + Level 2.6 Spellcasting
 + Level 4.5 Hexes


You had 3 spell levels left.
You knew the following spells:

 Your Spells              Type           Power        Failure   Level  Hunger
A - Corona                Hex            #####..      1%          1    None
B - Slow                  Hex            #####...     1%          2    ##.....

Your spell library contained the following spells:

 Spells                   Type           Power        Failure   Level  Hunger
 Inner Flame              Hex/Fire       ####....     1%          3    ###....
 Portal Projectile        Hex/Tloc       ####..       1%          3    ###....
 Cause Fear               Hex            #####.....   2%          4    ####...
 Leda's Liquefaction      Hex/Erth       ####......   6%          4    ####...

Action                   || total
-------------------------++-------
Melee: Short sword       ||    10
 Fire: Hand crossbow     ||    14
Throw: Dart              ||    36
 Cast: Corona            ||    20
       Slow              ||    10
  Use: Potion            ||     1
  Eat: Chunk             ||     1
Armor: Robe              ||     4
Dodge: Dodged            ||    16

Skill      XL: |  1 |
---------------+----+-----
Crossbows      | 2 |  2.3
Spellcasting   | 2 |  2.6
Fighting       | |  0.7
Dodging        | |  2.4
Hexes          | |  4.5

Inventory:

Hand Weapons
 a - a +0 hand crossbow (weapon)
 b - a +0 short sword
Missiles
 c - 33 stones
 d - 15 bolts (quivered)
 j - 7 poisoned darts
Armour
 e - a +0 robe (worn)
Jewellery
 m - a cursed -2 ring of evasion {unknown}
Scrolls
 g - a scroll of enchant weapon {unknown}
 i - a scroll of teleportation {unknown}
 l - a scroll of remove curse {unknown}
 n - a scroll of blinking {unknown}
 o - a scroll of magic mapping {unknown}
Comestibles
 f - 2 rations

#######
#.....#
#.###.# #.#
#.# ######.#
#.# #......#
#.#
#.########.#
#.# #......#
#.# #@######
#<##..S#
####...#
.....
.......
###..####
#..# #..#


You could see an adder.

Vanquished Creatures
  2 dart slugs (D:1)
  A leopard gecko (D:1)
  3 giant cockroaches (D:1)
  4 goblins (D:1)
  3 hobgoblins (D:1)
  A bat (D:1)
  4 kobolds (D:1)
  2 rats (D:1)
20 creatures vanquished.

Levels and vault maps discovered:
D:1:      dpeg_arrival_tiny_a, layout_basic
D:2:      layout_basic, kennysheep_generic_room_14


Message History

You feel clever all of a sudden. The adder bites you but does no damage.
You aren't carrying any potions.
Unknown command.
a - a +0 hand crossbow (weapon)
Firing (i - inventory. (/) - cycle)
d - 17 bolts (quivered)
Press: ? - help, Shift-Dir - straight line, f/p - adder
Aim: an adder (softly glowing)
You shoot a bolt.
The bolt hits the adder but does no damage.
You feel sick. The adder bites you.
* * * LOW HITPOINT WARNING * * *
The adder misses you.
Firing (i - inventory. (/) - cycle)
d - 16 bolts (quivered)
Press: ? - help, Shift-Dir - straight line, f/p - adder
Aim: an adder (softly glowing)
You shoot a bolt. The bolt hits the adder.
The adder is heavily wounded.
The adder stops glowing.
The adder bites you.
You die...

Notes
Turn   | Place    | Note
-------+----------+-------------------------------------------
     0 | D:1      | bmfx the Deep Elf Arcane Marksman began the quest for the
                  | Orb.
     0 | D:1      | Reached XP level 1. HP: 11/11 MP: 5/5
   147 | D:1      | Reached XP level 2. HP: 16/16 MP: 5/7
   151 | D:1      | Learned a level 2 spell: Slow
  1029 | D:2      | Slain by an adder
